 Dungeon Crawl Stone Soup version 0.29.1-13-g9f3cf754e1 (webtiles) character file.

Game seed: 1037016881054198615

29 protoss039 the Digger (level 3, 26/26 HPs)
             Began as a Demonspawn Earth Elementalist on Feb 9, 2023.
             Got out of the dungeon alive.
             The game lasted 00:01:59 (1655 turns).

protoss039 the Digger (DsEE)                        Turns: 1655, Time: 00:02:00

Health: 26/26      AC:  2    Str:  8    XL:     3   Next: 1%
Magic:  6/6        EV: 12    Int: 18    God:
Gold:   44         SH:  0    Dex: 13    Spells: 3/6 levels left

rFire   . . .      SeeInvis .   e - +0 club
rCold   . . .      Faith    .   (no shield)
rNeg    . . .      Spirit   .   a - +0 robe
rPois   .          Reflect  .   (no helmet)
rElec   .          Harm     .   c - scarf {shadows}
rCorr   .          Rampage  .   (no gloves)
Will    .....                   (no boots)
Stlth   ++........              (no amulet)
HPRegen 0.08/turn               (no ring)
MPRegen 0.10/turn               (no ring)

@: no status effects
A: claws 1, weakness stinger 1
a: no special abilities


You escaped.
You visited 1 branch of the dungeon, and saw 2 of its levels.

You collected 44 gold pieces.

Inventory:

Hand Weapons
 e - a +0 club (weapon)
Armour
 a - a +0 robe (worn)
 c - a scarf of shadows (worn)
Scrolls
 f - 2 scrolls of identify {unknown}
 g - a scroll of vulnerability {unknown}
 h - a scroll of silence {unknown}
Potions
 b - a potion of magic
 d - a potion of curing {unknown}


   Skills:
 + Level 1.3 Fighting
 - Level 1.7 Dodging
 - Level 1.7 Stealth
 + Level 2.4 Spellcasting
 - Level 0.8 Transmutations
 + Level 3.1 Earth Magic


You had 3 spell levels left.
You knew the following spells:

 Your Spells              Type           Power      Damage    Failure   Level
a - Sandblast             Erth           26%        2d8       4%          1
b - Passwall              Tmut/Erth      7%         N/A       12%         2

Your spell library contained the following spells:

 Spells                   Type           Power      Damage    Failure   Level
 Stone Arrow              Conj/Erth      14%        3d7       26%         3
 Petrify                  Tmut/Erth      9%         N/A       58%         4


Dungeon Overview and Level Annotations

Branches:
Dungeon (2/15) Zot: 10317

Altars:


Innate Abilities, Weirdness & Mutations

You have sharp fingernails.
You have a small tail.


Message History

Unknown command.
Magic restored.
You see here a frilled lizard corpse.
f - 2 scrolls labelled OSMUOJOMNA (gained 1)
You see here a giant cockroach corpse.
Found a stone staircase leading down.
You see here a +0 falchion.
An endoplasm comes into view.
An endoplasm is nearby!
An endoplasm is nearby!
Casting: Sandblast (safe; 5% risk of failure)
Confirm with . or Enter, or press ? or * to list all spells.
Aiming: Sandblast (safe; 5% risk of failure)
Press: ? - help, Shift-Dir - straight line, f - endoplasm
Aim: an endoplasm (asleep, 100% to hit)
The blast of sand hits the endoplasm.
The endoplasm is almost dead.
Unknown command.
Casting: Sandblast (safe; 5% risk of failure)
Confirm with . or Enter, or press ? or * to list all spells.
Aiming: Sandblast (safe; 5% risk of failure)
Press: ? - help, Shift-Dir - straight line, f/p - endoplasm
Aim: an endoplasm (almost dead, 98% to hit)
The blast of sand hits the endoplasm.
You kill the endoplasm!
You have reached level 3!
Your experience leads to an increase in your attributes!
Increase (S)trength, (I)ntelligence, or (D)exterity?
You feel clever. x2; Your demonic ancestry asserts itself...
Your fingernails lengthen.
Unknown command.
You see here a +0 falchion.
You see here a giant cockroach corpse.
There is a stone staircase leading up here.
You climb upwards.
There is a stone staircase leading down here.
Magic restored.
There is a staircase leading out of the dungeon here.
Are you sure you want to leave the Dungeon?
This will make you lose the game!
You have escaped!

#....#........#...#.......###.##.
.#.#.#...#######.#######..###.##.
...#.#...# ##.......## #.......#.
.###.#...###.........###.........
.###.#...##...........##..>..#..>
.........#.............#.........
........##.............##...#....
..##...#≈#...........(.#§#..#....
..##..#≈≈≈......@......≈≈§#.....#
...##..#≈#.............#≈#..#....
...#....##.............##..##...#
...#.##..#.............#..#......
......#..##...........##..#..#.##
..###.#..###.........###..#......
..# #.#..# ##.......## #..#.(#.##
..###.#..#######.#######.........
......#.......#...#.......#.#.###


There were no monsters in sight!

Vanquished Creatures
  4 endoplasms
  2 giant cockroaches
  2 goblins (D:1)
  2 hobgoblins (D:1)
  3 kobolds (D:1)
  3 quokkas (D:1)
  2 ball pythons (D:1)
  2 bats (D:1)
  2 frilled lizards
  4 rats (D:1)
26 creatures vanquished.

Notes
Turn   | Place    | Note
-------+----------+-------------------------------------------
     0 | D:1      | protoss039 the Demonspawn Earth Elementalist began the
                  | quest for the Orb.
     0 | D:1      | Reached XP level 1. HP: 13/13 MP: 3/3
   162 | D:1      | Found a faded altar of an unknown god.
   371 | D:1      | Discovered your monstrous ancestry.
   371 | D:1      | Gained mutation: You have a small tail. [demonic ancestry]
   371 | D:1      | Reached XP level 2. HP: 14/20 MP: 1/5
   560 | D:1      | Reached skill level 3 in Earth Magic
   650 | D:1      | Reached skill level 1 in Fighting
  1541 | D:1      | Learned a level 2 spell: Passwall
  1612 | D:2      | Gained mutation: You have sharp fingernails. [demonic
                  | ancestry]
  1612 | D:2      | Reached XP level 3. HP: 26/26 MP: 3/6
  1655 | D:$      | Got out of the dungeon alive.

Illustrated notes

Levels and vault maps discovered:
D:1:      psy_arrival_dodecagon, layout_basic, nicolae_ecumenical_lake_church
D:2:      layout_basic

Skill      XL: |  1  2 |
---------------+-------+-----
Earth Magic    | 3 |  3.1
Fighting       | 1 |  1.3
Dodging        | |  1.7
Stealth        | |  1.7
Spellcasting   | |  2.4
Transmutations | |  0.8

Action                   || total
-------------------------++-------
Melee: Club              ||    18
       Unarmed           ||     4
 Cast: Sandblast         ||    35
Armor: Robe              ||    12
Dodge: Dodged            ||    35
